Oof, chaotic male orcish Barbarian -------- |.<|...| |..|...---- --...|.%.... .... ---.-----.. -... ---. |... --... |...-- |-....---.... --.|...--- |....%.%%%... |...|--...-- --........... --.----.....| --..%........ |...| |.....-| --......|... |.-- --.....-- -......-- |.| --.....[| ..>..... |.| |.......-- -... .------.| |......... ... I)......| --......... ..----.. |....^..... |-.....^... |.......... |.......... --.--- --- Oof the Pillager Experience level: 5 Strength: 17 Dexterity: 18 Constitution: 17 Intelligence: 7 Wisdom: 9 Charisma: 6 Health: 0(47) Energy: 13(13) Def: 9 Gold: 254 Moves: 3234 Dungeon seed: Iujwii7tXXBwSsbW Game ID: Oof_1598367856 Your Inventory: Coins $ - 254 gold pieces Weapons a - a corroded +0 two-handed sword (weapon in hands) b - a +0 axe (alternate weapon; not wielded) m - a +0 orcish bow t - 6 +0 darts Armor n - a blessed +0 pair of kicking boots (being worn) r - an uncursed +2 splint mail (being worn) Y - an uncursed +0 dwarvish cloak (being worn) Spellbooks F - an uncursed spellbook of force bolt Rings j - a cursed ring of hunger (on left hand) p - an uncursed ring of regeneration (on right hand) Wands y - a wand of digging (0:8) Tools d - an uncursed oil lamp (0:1482) q - an uncursed brass lantern (0:1053) w - a magic marker (0:57) z - an uncursed tallow candle (0:200) B - 4 uncursed wax candles (0:400) D - a blessed tallow candle (0:200) E - a +0 pick-axe Gems e - 3 uncursed worthless pieces of orange glass N - an uncursed worthless piece of violet glass Spells and supernatural/magical abilities: Name Level Category Fail Memory W - pray for help -- divine ? -- Your skills at the end: Fighting Skills bare handed combat [Basic] Weapon Skills axe [Basic] two-handed sword [Basic] Spellcasting Skills Final Attributes: You were piously aligned. You were poison resistant. You hungered rapidly. You saw invisible. You had infravision. You regenerated. You are dead. Vanquished creatures: 3 gnome lords 2 floating eyes 2 dwarves a kobold lord a giant bat a wererat an iguana 2 acid blobs 2 coyotes a hobbit a brown mold 6 gnomes a gnome zombie 2 geckos 8 jackals 2 kobolds 3 sewer rats 15 grid bugs 4 lichens a kobold zombie 5 newts 64 creatures vanquished. Voluntary challenges: You had followed a strict vegetarian diet until turn 3004. You were an atheist. You used a wielded weapon 76 times, starting on turn 1. You read items or engraved 2 times, starting on turn 2468. You never genocided any monsters. You never polymorphed an object. You never changed form. You used no wishes. You never split a pudding. You never wrote Elbereth's name. You never violated your personal moral code. Dungeon overview: The Dungeons of Doom: levels 1 to 6 Level 1 a sink a long staircase Level 2 a fountain, a sink stairs to The Gnomish Mines Level 3 Level 4 a fountain, a sink Level 5 a fountain, a sink Level 6 a general store The Gnomish Mines: Level 3 <- You were here stairs to The Dungeons of Doom History has recorded: On T:1 you entered the Dungeons of Doom to retrieve the Amulet of Yendor! On T:389 you reached level 2 of The Dungeons of Doom. On T:763 you advanced to experience level 2. On T:917 you reached level 3 of The Dungeons of Doom. On T:1011 you advanced to experience level 3. On T:1203 you reached level 4 of The Dungeons of Doom. On T:1728 you advanced to experience level 4. On T:1759 you reached level 5 of The Dungeons of Doom. On T:2128 you reached level 6 of The Dungeons of Doom. On T:2894 you reached level 1 of The Gnomish Mines. On T:2928 you advanced to experience level 5. Score breakdown: Gold: 254 ( 8186 points) Experience: 5 levels (11141 points) Exploration: 6 levels ( 12.24%) ( 9682 points) Discoveries: 5 items ( 2.04%) ( 4285 points) Valuables value: (no points given unless you survive) Artifact value: 0 ( 0 points) Variety of kills: 21 monsters ( 5.51%) ( 7043 points) Turncount: 3234 turns ( -710 points) Survival: died (score multiplied by 80%) Total score: 31701 Latest messages: You come to. You faint from lack of food. It hits! It misses. It hits! It misses. (2x) It hits! You come to. You kill the gnome! There are a few objects here. The gnome swings his bow. The gnome hits! You smite the gnome. You faint from lack of food. It just misses! It misses. It hits! (9x) It misses. It hits! You come to. You smite the gnome. You faint from lack of food. It hits! (2x) It misses. It just misses! It hits! (2x) You die... Final status: Goodbye Oof the Barbarian, killed by a gnome, while fainted from lack of food... You died in The Gnomish Mines on dungeon level 3 with 31701 points, and 254 pieces of gold, after 3234 moves. You were level 5 with a maximum of 47 hit points when you died.